 Dungeon Crawl Stone Soup version 0.22-a0-398-g8bb545f (webtiles) character file.

27517 tmwh the Spry (level 13, -4/174 HPs)
             Began as a Minotaur Monk on May 5, 2018.
             Was a High Priest of Trog.
             Slain by an orc warrior
             ... wielding a +0 halberd
             ... led by an orc warlord
              (17 damage)
             ... on level 1 of the Orcish Mines on May 6, 2018.
             The game lasted 01:14:09 (18241 turns).

tmwh the Spry (Minotaur Monk)                      Turns: 18241, Time: 01:14:10

Health: -4/174     AC:  9    Str: 26    XL:     13   Next: 4%
Magic:  0/12       EV: 29    Int:  7    God:    Trog [*****.]
Gold:   1021       SH:  0    Dex: 17    Spells: 12/12 levels left

rFire    + + .     SeeInvis .   J - +6 battleaxe (venom)
rCold    + + .     Gourm    .   (shield currently unavailable)
rNeg     . . .     Faith    .   m - +0 acid dragon scales
rPois    +         Spirit   +   (helmet restricted)
rElec    +         Reflect  .   D - scarf {rC+ rF+}
rCorr    +         Harm     .   l - +0 pair of gloves
MR       ++...                  H - +1 pair of boots
Stlth    ..........             y - amulet of guardian spirit
HPRegen  1.39/turn              e - +4 ring of evasion
MPRegen  0.13/turn              V - +4 ring of strength

@: berserking (expiring), resistant, regenerating, very quick
A: retaliatory headbutt, horns 2
a: Berserk, Trog's Hand, Brothers in Arms, Renounce Religion


You were on level 1 of the Orcish Mines.
You worshipped Trog.
Trog was extremely pleased with you.
You were not hungry.

You visited 4 branches of the dungeon, and saw 16 of its levels.
You also visited: Sewer.

You collected 1021 gold pieces.

Inventory:

Hand Weapons
 a - a +1 dire flail of protection
 t - a +2 broad axe of electrocution
 J - a +6 battleaxe of venom (weapon)
 R - a +4 morningstar
 X - a +1 arbalest of flaming
Missiles
 Q - 3 silver tomahawks (quivered)
Armour
 l - a +0 pair of gloves (worn)
 m - +0 acid dragon scales (worn)
 D - a scarf of resistance (worn)
 H - a +1 pair of boots (worn)
 S - a +1 robe of cold resistance
Magical Staves
 T - an uncursed staff of cold
Jewellery
 e - a +4 ring of evasion (left hand)
 x - the amulet of Bithrof {RegenMP rC+}
   (You found it on level 4 of the Dungeon)

   [amulet of magic regeneration]

   It increases your magic regeneration.
   It protects you from cold.
 y - an amulet of guardian spirit (around neck)
 A - an uncursed ring of resist corrosion
 K - an uncursed ring of stealth
 V - a +4 ring of strength (right hand)
 Y - an uncursed ring of see invisible
Wands
 b - a wand of polymorph (3)
 r - a wand of enslavement (17)
 u - a wand of flame (59)
 G - a wand of disintegration (1)
Scrolls
 d - 3 scrolls of immolation
 g - 7 scrolls of teleportation
 h - 2 scrolls of enchant armour
 n - a scroll of holy word
 o - 2 scrolls of amnesia
 p - 5 scrolls of remove curse
 s - a scroll of fog
 B - a scroll of magic mapping
 I - a scroll of summoning
 N - 3 scrolls of blinking
 W - a scroll of enchant weapon
Potions
 f - 3 potions of haste
 i - 5 potions of lignification
 j - a potion of brilliance
 k - 2 potions of resistance
 q - a potion of degeneration
 v - a potion of cancellation {unknown}
 w - 2 potions of mutation
 z - 5 potions of curing
 E - a potion of magic
 L - 2 potions of invisibility
 O - a potion of heal wounds
 U - a potion of ambrosia
Miscellaneous
 C - a phial of floods
Comestibles
 c - 22 rations
 F - 9 chunks of flesh


   Skills:
 * Level 11.4 Fighting
 - Level 12.3 Axes
 - Level 1.4 Armour
 - Level 18.1 Dodging
 - Level 1.5 Stealth
 - Level 0.3 Evocations


You had 12 spell levels left.
You didn't know any spells.

Dungeon Overview and Level Annotations

Branches:
Dungeon (13/15)            Temple (1/1) D:4            Lair (1/6) D:8
    Orc (1/2) D:12
 Vaults: D:13-14

Altars:
Ashenzari
Cheibriados
Dithmenos
Elyvilon
Fedhas
Gozag
Hepliaklqana
Kikubaaqudgha
Makhleb
Nemelex Xobeh
Okawaru
Qazlal
Ru
Sif Muna
Trog
Uskayaw
Vehumet
Wu Jian
Xom
Yredelemnul
Zin
The Shining One
Beogh

Shops:
D:11 :


Innate Abilities, Weirdness & Mutations

You reflexively headbutt those who attack you in melee.
You have a pair of horns on your head.


Message History

The tomahawk completely misses you.
The tomahawk hits the orc warrior.
The orc knight roars a battlecry!
The orcs go into a battle-frenzy!
An orc wizard comes into view. It is wielding a dagger.
You slash the orc wizard!
You kill the orc wizard!
Trog accepts your kill.
Trog appreciates your killing of a magic user.
You slice the orc warrior!!
The orc warrior is poisoned.
You slash the orc!
You kill the orc!
Trog accepts your kill.
You slice something!! Trog accepts your kill.
Trog appreciates your killing of a magic user.
Reactivating autopickup.
You feel a bit more experienced.
The orc priest no longer looks unusually strong.
The orc warrior no longer looks unusually strong.
The orc warrior hits you from afar with a halberd!!
You die...

..............#..............
.......[.........#...........
...#.#.#)#......###.......###
.......).......# ##......###
+#########''##...#......)#.#
##....##........))...
#####......##........#...
......oo))..##....####...
......o)@)o..#....# #..#.
#.....o)#)o..#....# #####
##..o..##....#..... #


#o..ooo ....##... ..o.oTo ....###.. ..o.... ....# .....o. ....# o... ....# You
could see 2 orc knights, a troll, 6 orc warriors, 2 orc priests, an orc wizard
and 4 orcs.

Vanquished Creatures
  2 orc warlords (Orc:1)
  Fannar (D:11)
  The ghost of SakhabievAskhat the Martial Artist, a journeyman GnTm of Cheibriados (D:10)
  7 two-headed ogres
  The ghost of Thaneod the Destroyer, a journeyman DEIE of Vehumet (D:11)
  An orc high priest (D:12)
  An orc knight (D:12)
  5 cyclopes
  A manticore (D:11)
  An orc sorcerer (Orc:1)
  An ugly thing (D:11)
  An elephant (D:8)
  2 gargoyles
  The ghost of emperorscorpion the Cudgeler, a novice GrFi of Cheibriados (D:6)
  A yaktaur (D:8)
  3 trolls
  Prince Ribbit (D:8)
  A slime creature (D:10)
  5 hippogriffs
  3 hogs (D:12)
  2 wyverns (D:12)
  2 basilisks (D:8)
  6 yaks
  A hungry ghost (D:11)
  A human (D:12)
  Menkaure (D:4)
  4 vampire mosquitoes (D:13)
  4 wargs
  An acid dragon (D:12)
  A water moccasin (D:10)
  19 orc warriors
  6 ice beasts
  5 sky beasts
  2 black bears
  A necrophage (D:8)
  3 ogres
  6 centaurs
  Blork the orc (D:4)
  9 big kobolds
  4 bullfrogs
  2 scorpions
  A water moccasin skeleton (D:6)
  3 killer bees (D:11)
  8 howler monkeys
  A centaur zombie (D:8)
  5 crimson imps
  8 hounds
  A quasit (D:8)
  A bullfrog zombie (D:10)
  16 jellies
  16 orc wizards
  11 orc priests
  3 bullfrog skeletons
  8 iguanas
  Natasha (twice) (D:4)
  9 worker ants
  A hound zombie (D:6)
  A hound skeleton (D:11)
  A worker ant zombie (D:11)
  4 gnolls (D:5)
  17 adders
  2 shadow imps
  16 oozes
  An adder zombie (D:6)
  10 worms
  A dart slug (D:1)
  9 leopard geckos
  69 orcs
  5 ball pythons
  6 bats
  15 giant cockroaches
  4 hobgoblins
  9 jackals
  34 kobolds
  6 quokkas
  9 frilled lizards
  13 goblins
  A leopard gecko zombie (D:5)
  A quokka skeleton (D:5)
  A quokka zombie (D:9)
  10 rats
  4 fungi (D:10)
464 creatures vanquished.

Vanquished Creatures (collateral kills)
  A troll (Orc:1)
  An orc (Orc:1)
2 creatures vanquished.

Vanquished Creatures (others)
  A bat (D:2)
  A bush (D:5)
  2 fungi (D:10)
4 creatures vanquished.

Grand Total: 470 creatures vanquished

Notes
Turn   | Place    | Note
-------+----------+-------------------------------------------
     0 | D:1      | tmwh the Minotaur Monk began the quest for the Orb.
     0 | D:1      | Reached XP level 1. HP: 19/19 MP: 0/0
     1 | D:1      | Found a runed door.
     1 | D:1      | Noticed a jelly
   328 | D:1      | Reached XP level 2. HP: 27/27 MP: 1/1
   598 | D:1      | Reached XP level 3. HP: 17/33 MP: 2/2
   835 | D:1      | Reached skill level 5 in Axes
   857 | D:1      | Reached XP level 4. HP: 25/40 MP: 3/3
   886 | D:1      | HP: 1/40 [ooze (3)]
  1648 | D:3      | Reached XP level 5. HP: 46/46 MP: 4/4
  2166 | D:4      | Noticed an ice beast
  2460 | D:4      | Noticed Menkaure
  2481 | D:4      | Killed Menkaure
  2481 | D:4      | Reached XP level 6. HP: 32/52 MP: 5/5
  3097 | D:5      | Entered Level 5 of the Dungeon
  3571 | D:4      | Killed an ice beast
  3571 | D:4      | Reached XP level 7. HP: 58/58 MP: 6/6
  3669 | D:4      | Reached skill level 10 in Axes
  3913 | D:4      | Found a blossoming altar of Fedhas.
  4205 | D:4      | Noticed Natasha
  4214 | D:4      | Killed Natasha
  4288 | D:4      | Noticed Blork the orc
  4459 | D:4      | Killed Blork the orc
  4459 | D:4      | Reached XP level 8. HP: 61/66 MP: 7/7
  4524 | D:4      | Found a staircase to the Ecumenical Temple.
  4530 | Temple   | Entered the Ecumenical Temple
  4866 | Temple   | Became a worshipper of Trog the Wrathful
  4866 | Temple   | Reached * piety under Trog
  4866 | Temple   | Reached ** piety under Trog
  4922 | D:4      | Got a transparent golden amulet
  5008 | D:4      | Noticed Natasha
  5016 | D:4      | Killed Natasha
  5155 | D:4      | Identified the amulet of Bithrof {RegenMP rC+} (You found it on level 4 of the Dungeon)
  5438 | D:6      | Found a glowing drain.
  5459 | Sewer    | Entered a sewer
  5800 | Sewer    | Reached skill level 4 in Dodging
  6158 | Sewer    | Reached *** piety under Trog
  6269 | D:6      | Reached skill level 5 in Dodging
  6371 | D:6      | Noticed emperorscorpion's ghost (novice GrFi)
  6391 | D:6      | Killed emperorscorpion's ghost
  6391 | D:6      | Reached skill level 6 in Dodging
  6834 | D:6      | Reached skill level 7 in Dodging
  6917 | D:6      | Reached XP level 9. HP: 64/71 MP: 8/8
  7332 | D:5      | Found a white marble altar of Elyvilon.
  7333 | D:5      | Found a glowing golden altar of the Shining One.
  7337 | D:5      | Found a glowing silver altar of Zin.
  7422 | D:5      | Found a hide-covered altar of Uskayaw.
  7440 | D:5      | Found a stormy altar of Qazlal.
  7441 | D:5      | Found an iron altar of Okawaru.
  7442 | D:5      | Found an opulent altar of Gozag.
  8013 | D:7      | Reached skill level 8 in Dodging
  8476 | D:7      | Found a shadowy altar of Dithmenos.
  8597 | D:8      | Reached skill level 9 in Dodging
  8742 | D:7      | Reached **** piety under Trog
  8799 | D:7      | Found a burning altar of Makhleb.
  9241 | D:8      | Reached skill level 10 in Dodging
  9512 | D:8      | Noticed an elephant
  9513 | D:8      | Found a staircase to the Lair.
  9556 | D:8      | Reached skill level 11 in Dodging
  9575 | D:8      | Killed an elephant
  9575 | D:8      | Reached XP level 10. HP: 31/78 MP: 3/9
 10266 | D:8      | Found a transporter.
 10273 | D:8      | Found a snail-covered altar of Cheibriados.
 10275 | D:8      | Found a transporter.
 10305 | D:8      | Reached skill level 12 in Dodging
 10306 | D:8      | Reached ***** piety under Trog
 10319 | D:8      | Noticed a two-headed ogre
 10444 | D:8      | Killed a two-headed ogre
 10729 | D:8      | Noticed Prince Ribbit
 10910 | D:8      | Reached skill level 13 in Dodging
 11309 | D:8      | Killed Prince Ribbit
 11385 | Lair:1   | Entered Level 1 of the Lair of Beasts
 11666 | D:9      | Noticed a two-headed ogre
 11681 | D:9      | Killed a two-headed ogre
 11681 | D:9      | Reached skill level 14 in Dodging
 12066 | D:9      | Noticed a two-headed ogre
 12075 | D:9      | Killed a two-headed ogre
 12075 | D:9      | Reached XP level 11. HP: 83/83 MP: 10/10
 12272 | D:9      | Found a shimmering altar of Xom.
 12390 | D:10     | Entered Level 10 of the Dungeon
 12442 | D:9      | Found an ornate altar of the Wu Jian Council.
 13101 | D:10     | Reached skill level 15 in Dodging
 13108 | D:10     | Received a gift from Trog
 14238 | D:11     | Noticed Fannar
 14251 | D:11     | Killed Fannar
 14251 | D:11     | Reached skill level 16 in Dodging
 14507 | D:11     | Noticed a green ugly thing
 14518 | D:11     | Killed a green ugly thing
 14598 | D:11     | Found Jack's Book Shop.
 14940 | D:11     | Noticed Thaneod's ghost (journeyman DEIE)
 14949 | D:11     | Killed Thaneod's ghost
 15131 | D:12     | Reached skill level 17 in Dodging
 15240 | D:11     | Noticed a two-headed ogre
 15244 | D:11     | Killed a two-headed ogre
 15252 | D:11     | Reached XP level 12. HP: 79/91 MP: 8/11
 15552 | D:11     | Noticed a two-headed ogre
 15559 | D:11     | Killed a two-headed ogre
 15644 | D:10     | Noticed SakhabievAskhat's ghost (journeyman GnTm)
 15663 | D:10     | Killed SakhabievAskhat's ghost
 16139 | D:10     | Received a gift from Trog
 16345 | D:12     | Noticed a two-headed ogre
 16351 | D:12     | Killed a two-headed ogre
 16351 | D:12     | Reached skill level 18 in Dodging
 16530 | D:12     | Found a staircase to the Orcish Mines.
 16722 | D:13     | Reached skill level 5 in Fighting
 16923 | D:12     | Noticed a two-headed ogre
 16931 | D:12     | Killed a two-headed ogre
 17369 | D:12     | Found a runed door.
 17375 | D:12     | Noticed an orc high priest
 17390 | D:12     | Killed an orc high priest
 17535 | D:12     | Found a roughly hewn altar of Beogh.
 17991 | Orc:1    | Entered Level 1 of the Orcish Mines
 18020 | Orc:1    | Reached skill level 1 in Armour
 18087 | Orc:1    | Received a gift from Trog
 18218 | Orc:1    | Noticed an orc warlord
 18220 | Orc:1    | Noticed an orc warlord
 18229 | Orc:1    | Reached skill level 10 in Fighting
 18232 | Orc:1    | Killed an orc warlord
 18236 | Orc:1    | Killed an orc warlord
 18236 | Orc:1    | Reached XP level 13. HP: 60/116 MP: 5/12
 18236 | Orc:1    | HP: 8/174 [orc warrior/scimitar[an orc warlord] (22)]
 18241 | Orc:1    | Slain by an orc warrior

Vault maps used:
D:1:      dpeg_arrival_caged_fury
D:3:      first_ration
D:4:      nicolae_overflow_crystal_walls, minmay_temple_entry_enclosed_plants,
          minmay_bent, uniq_menkaure, uniq_natasha, uniq_blork_the_orc
D:5:      good_gods_temple_1, chequers_temple_overflow_statue_of_worship,
          kb_lookout_dungeons_type, kennysheep_cross_room
D:6:      portal_sewer_entry_f
D:7:      old_standard_altar, bloody_makhleb
D:8:      gammafunk_temple_overflow_arena, david_lair_generic,
          uniq_prince_ribbit1
D:9:      lemuel_doored_altar, kennysheep_mini_moat
D:10:     lemuel_slime
D:11:     serial_shops, shop, minmay_joined_circles, uniq_fannar
D:12:     erik_orc_3, grunt_livestock, lightli_church_of_beogh
D:13:     serial_shops, nicolae_shop_crystal
Temple:   compressed_dpeg_triangle_lava_temple
Lair:1:   worms_lemuel, serial_bayou_shore_a
Orc:1:    serial_shops, nicolae_shop_stone, minmay_orc_treasury
Sewer:    sewer_co_tree

Skill      XL: |  1  2  3  4  5  6  7  8  9 10 11 12 |
---------------+-------------------------------------+-----
Axes           | 4 5 6 8 9 11 12 | 12.3
Dodging        | 7 11 14 17 18 | 18.1
Fighting       | 11 | 11.4
Armour         | 1 |  1.4
Stealth        | |  1.5
Evocations     | |  0.3

Action                   |  1- 3 |  4- 6 |  7- 9 | 10-12 | 13-15 || total
-------------------------+-------+-------+-------+-------+-------++-------
Melee: Hand axe          |    60 |   142 |   416 |   201 |       ||   819
       Headbutt          |    11 |    30 |    85 |   107 |       ||   233
       Broad axe         |       |       |       |   315 |       ||   315
       Battleaxe         |       |       |       |    11 |     5 ||    16
Invok: Berserk           |       |       |       |    10 |       ||    10
       Trog's Hand       |       |       |       |     1 |       ||     1
       Brothers in Arms  |       |       |       |     1 |       ||     1
Evoke: Wand              |       |     2 |     8 |    14 |       ||    24
  Use: Potion            |       |     5 |     1 |     3 |       ||     9
       Scroll            |       |     5 |     9 |    11 |       ||    25
 Stab: Sleeping          |     1 |     1 |     5 |     3 |       ||    10
       Confused          |       |       |     2 |       |       ||     2
       Distracted        |       |       |       |     2 |       ||     2
  Eat: Ration            |       |     1 |     2 |     9 |       ||    12
       Chunk             |       |     5 |    12 |    12 |       ||    29
Armor: Robe              |     9 |    12 |    29 |    42 |       ||    92
       Acid dragon scale |       |       |       |     2 |       ||     2
Dodge: Dodged            |    44 |   115 |   298 |   521 |    11 ||   989

Table legend:
 A = Spawn XP
 B = Non-spawn XP
 C = Spawn XP percentage of total XP
 D = Spawn monster count
 E = Non-spawn monster count
 F = Spawn count percentage of total count
 G = Total turns spent on level
                    A         B        C        D         E        F      G
               +---------+---------+-------+---------+---------+-------+---------
         Total |       0 |   39311 |   0.0 |       0 |     463 |   0.0 | 18241
               +---------+---------+-------+---------+---------+-------+---------
           D:1 |       0 |     136 |   0.0 |       0 |      38 |   0.0 |  1188
           D:2 |       0 |      53 |   0.0 |       0 |      20 |   0.0 |   661
           D:3 |       0 |     201 |   0.0 |       0 |      30 |   0.0 |  1177
           D:4 |       0 |    1024 |   0.0 |       0 |      29 |   0.0 |  1507
           D:5 |       0 |     386 |   0.0 |       0 |      12 |   0.0 |  1081
           D:6 |       0 |     850 |   0.0 |       0 |      22 |   0.0 |  1106
           D:7 |       0 |    1006 |   0.0 |       0 |      39 |   0.0 |  1343
           D:8 |       0 |    4426 |   0.0 |       0 |      38 |   0.0 |  2411
           D:9 |       0 |    3206 |   0.0 |       0 |      37 |   0.0 |  1218
          D:10 |       0 |    4591 |   0.0 |       0 |      44 |   0.0 |  1794
          D:11 |       0 |    8610 |   0.0 |       0 |      38 |   0.0 |  1627
          D:12 |       0 |    6997 |   0.0 |       0 |      46 |   0.0 |  1623
          D:13 |       0 |    1284 |   0.0 |       0 |       8 |   0.0 |   109
         Orc:1 |       0 |    6145 |   0.0 |       0 |      34 |   0.0 |   250
         Sewer |       0 |     396 |   0.0 |       0 |      28 |   0.0 |   793
               +---------+---------+-------+---------+---------+-------+---------
